 Dungeon Crawl Stone Soup version 0.28-a0-563-gf77a47075d (webtiles) character file.

Game seed: 11853083819019713160

613 DavidChitty2 the Chopper (level 7, -1/61 HPs)
             Began as a Minotaur Fighter on Sept 29, 2021.
             Killed from afar by Dowan (7 damage)
             ... with a stone arrow
             ... on level 4 of the Dungeon.
             The game lasted 00:04:04 (3567 turns).

DavidChitty2 the Chopper (Minotaur Fighter)         Turns: 3567, Time: 00:04:05

Health: -1/61      AC: 12    Str: 23    XL:     7   Next: 20%
Magic:  6/6        EV:  8    Int:  5    God:
Gold:   197        SH:  5    Dex:  9    Spells: 6/6 levels left

rFire   . . .      SeeInvis .   b - +1 hunting sling (flame)
rCold   . . .      Faith    .   c - +0 buckler
rNeg    . . .      Spirit   .   s - +0 chain mail
rPois   .          Reflect  .   (helmet restricted)
rElec   .          Harm     .   i - scarf {repulsion}
rCorr   .          Rampage  .   m - +1 pair of gloves
Will    .....                   (no boots)
Stlth   ..........              (no amulet)
HPRegen 0.20/turn               (no ring)
MPRegen 0.10/turn               (no ring)

@: repel missiles
A: horns 2, retaliatory headbutt
a: no special abilities


You were on level 4 of the Dungeon.
You visited 1 branch of the dungeon, and saw 4 of its levels.

You collected 197 gold pieces.

Inventory:

Hand Weapons
 a - a +0 war axe
 b - a +1 hunting sling of flaming (weapon)
   (You found it on level 1 of the Dungeon)
Missiles
 k - 142 stones (quivered ammo)
Armour
 c - a +0 buckler (worn)
 i - a scarf of repulsion (worn)
   (You found it on level 1 of the Dungeon)
 m - a +1 pair of gloves (worn)
   (You found it on level 2 of the Dungeon)
 s - a +0 chain mail (worn)
   (You found it on level 4 of the Dungeon)
Scrolls
 f - 3 scrolls of identify {unknown}
 g - a scroll of blinking {unknown}
 l - a scroll of teleportation {unknown}
 o - a scroll of amnesia {unknown}
 p - 5 scrolls of magic mapping {unknown}
 r - 2 scrolls of enchant armour {unknown}
Potions
 d - 2 potions of might
 e - a potion of attraction {unknown}
 h - 3 potions of curing {unknown}
 j - 2 potions of brilliance {unknown}
 n - a potion of flight {unknown}
 q - 3 potions of degeneration {unknown}


   Skills:
 + Level 5.5 Fighting
 * Level 6.3 Axes
 + Level 5.5 Armour
 + Level 5.5 Shields


You had 6 spell levels left.
You didn't know any spells.
Your spell library contained the following spells:

 Spells                   Type           Power      Damage    Failure   Level
 Animate Skeleton         Necr           0%         N/A       98%         1
 Pain                     Necr           0%         1d4       98%         1
 Gell's Gravitas          Tloc           0%         N/A       100%        3
 Lesser Beckoning         Tloc           0%         N/A       100%        3
 Teleport Other           Tloc           0%         N/A       100%        3
 Vampiric Draining        Necr           0%         2d6       100%        3


Dungeon Overview and Level Annotations

Branches:
Dungeon (4/15)
 Temple: D:4-7

Altars:
Ashenzari
Uskayaw

Annotations:
D:4 Dowan


Innate Abilities, Weirdness & Mutations

You have a pair of horns on your head.
You reflexively headbutt those who attack you in melee.


Message History

* * * LOW HITPOINT WARNING * * *
You hit Duvessa. You headbutt Duvessa.
You kill Duvessa!
Dowan's eyes darken. "You have made a black mistake."
Dowan seems to find hidden reserves of power!
You have reached level 7!
You hit Dowan. Dowan hits you with a +0 dagger.
* * * LOW HITPOINT WARNING * * *
Dowan mumbles some strange words.
Dowan blinks!
Things that are here:
a +0 short sword; a +0 ring mail; the elf corpse of Duvessa Your +1 hunting sling of flaming bursts into flame!
b - a +1 hunting sling of flaming (weapon)
Dowan casts a spell at you.
The stone arrow is repelled.
Fire: 145 stones
Aim: Dowan, wielding a +0 dagger and wearing a +0 robe (lightly wounded, fast, 46% to hit)
You shoot a stone. The stone barely misses Dowan.
Fire: 144 stones
Aim: Dowan, wielding a +0 dagger and wearing a +0 robe (lightly wounded, fast, 46% to hit)
You shoot a stone. The stone closely misses Dowan.
Fire: 143 stones
Aim: Dowan, wielding a +0 dagger and wearing a +0 robe (lightly wounded, fast, 46% to hit)
You shoot a stone. The stone hits Dowan.
The stone burns Dowan.
Dowan hits you but does no damage. x2
Your +1 hunting sling of flaming stops flaming.
a - a +0 war axe (weapon)
Dowan hits you but does no damage.
You completely miss Dowan. Your headbutt misses Dowan.
Dowan gestures at you while chanting. The shard of ice hits you!
* * * LOW HITPOINT WARNING * * *
You barely miss Dowan. Dowan hits you but does no damage.
Dowan barely misses you.
You barely miss Dowan. Dowan hits you with a +0 dagger.
* * * LOW HITPOINT WARNING * * *
You block Dowan's attack.
You barely miss Dowan. You block Dowan's attack.
Dowan says, "Magic will overcome all!"
Dowan hits you but does no damage.
You slash Dowan!
Dowan mumbles some strange words.
Dowan blinks!
Unknown command.
Your +1 hunting sling of flaming bursts into flame!
b - a +1 hunting sling of flaming (weapon)
Dowan points at you and mumbles some strange words.
The stone arrow hits you!
You die...

##.# ..# .#.#. #.# #...#
#.# ##.# #.# ...# #.#
##.# #.# ##.# #.#
##)#####.###############
...(.....().e...@.......
...##.##################
...##.# ......# ##.####
##...# ###.# #.# #.# ..
..#


You could see Dowan (fast).

Vanquished Creatures
  Grinder (D:4)
  Duvessa (D:4)
  A phantom (D:4)
  A water moccasin zombie (D:4)
  A scorpion (D:4)
  An iguana (D:4)
  A hound zombie (D:4)
  A howler monkey skeleton (D:4)
  An adder (D:2)
  An ufetubus (D:4)
  3 worms
  2 dart slugs
  5 bats
  2 endoplasms
  4 giant cockroaches
  6 goblins
  10 hobgoblins
  6 kobolds
  7 quokkas
  A ball python (D:1)
  2 frilled lizards (D:1)
  5 rats
63 creatures vanquished.

Notes
Turn   | Place    | Note
-------+----------+-------------------------------------------
     0 | D:1      | DavidChitty2 the Minotaur Fighter began the quest for the
                  | Orb.
     0 | D:1      | Reached XP level 1. HP: 19/19 MP: 0/0
   284 | D:1      | Reached XP level 2. HP: 27/27 MP: 1/1
   398 | D:1      | Reached skill level 3 in Axes
  1083 | D:1      | Reached XP level 3. HP: 33/33 MP: 2/2
  1550 | D:2      | Found a broken altar of Ashenzari.
  1949 | D:3      | Found a faded altar of an unknown god.
  1950 | D:3      | Noticed an eye of devastation
  1952 | D:3      | Noticed an eye of devastation
  1952 | D:3      | Noticed an eye of devastation
  1952 | D:3      | Noticed a shining eye
  2046 | D:3      | Reached XP level 4. HP: 40/40 MP: 3/3
  2405 | D:3      | Found a hide-covered altar of Uskayaw.
  2716 | D:4      | Reached skill level 4 in Axes
  2716 | D:4      | Reached XP level 5. HP: 30/47 MP: 4/4
  3074 | D:4      | Noticed Grinder
  3090 | D:4      | Killed Grinder
  3091 | D:4      | Reached skill level 5 in Fighting
  3091 | D:4      | Reached skill level 5 in Axes
  3091 | D:4      | Reached skill level 5 in Armour
  3091 | D:4      | Reached skill level 5 in Shields
  3091 | D:4      | Reached XP level 6. HP: 23/56 MP: 5/5
  3340 | D:4      | Reached skill level 6 in Axes
  3501 | D:4      | Noticed Duvessa
  3501 | D:4      | Noticed Dowan
  3548 | D:4      | Killed Duvessa
  3549 | D:4      | Reached XP level 7. HP: 17/61 MP: 6/6
  3567 | D:4      | Killed from afar by Dowan

Illustrated notes

Levels and vault maps discovered:
D:1:      minmay_arrival_glassed_features, layout_basic, solitary_fountain
D:2:      layout_basic, basic_altar, minmay_hexomino_c4
D:3:      layout_loops_corners, nicolae_uskayaw_suspiria,
          hellmonk_ecumenical_altar_watching_god
D:4:      minmay_diamond_boxcup, layout_loops_ring,
          minmay_temple_entry_overgrown, kennysheep_small_circle, uniq_grinder,
          uniq_duvessa

Skill      XL: |  1  2  3  4  5  6 |
---------------+-------------------+-----
Axes           | 3 4 5 6 |  6.3
Fighting       | 4 5 |  5.5
Shields        | 4 5 |  5.5
Armour         | 4 5 |  5.5

Action                   |  1- 3 |  4- 6 |  7- 9 || total
-------------------------+-------+-------+-------++-------
Melee: War axe           |    70 |    24 |     6 ||   100
       Headbutt          |     9 |     5 |       ||    14
       Unarmed           |       |     3 |       ||     3
 Fire: Hunting sling     |    14 |    76 |     3 ||    93
Armor: Scale mail        |    32 |    11 |       ||    43
       Chain mail        |       |    22 |     5 ||    27
Dodge: Dodged            |    31 |    36 |     1 ||    68
       Repelled          |       |       |     1 ||     1
Block: Buckler           |    12 |     8 |     2 ||    22

Table legend: (Time is in decaauts)
 A = Elapsed time spent in this place.
 B = Non-inter-level travel time spent in this place.
 C = Inter-level travel time spent in this place.
 D = Time resting spent in this place.
 E = Time spent auto-exploring this place.
 F = Levels seen in this place.
 G = Mean time per level.
                   A        B        C        D        E       F      G
               +--------+--------+--------+--------+--------+-----+--------+
         Total |   3610 |   3538 |     72 |    432 |   2498 |   4 |  902.5 |
       Dungeon |   3610 |   3538 |     72 |    432 |   2498 |   4 |  902.5 |
               +--------+--------+--------+--------+--------+-----+--------+

Top non-repeatable levels by time:
     D:1: 1241 daAuts
     D:4: 898 daAuts
     D:3: 804 daAuts
     D:2: 665 daAuts
